AoeStats
← vnajar_14

Black Forest

514346266Analyzed
4v4 RM · 3d ago on Oct 17, 2026· 49m 19s· 8 players
Game mode
Random Map
Map size
Large (8 player)
Population
200
Speed
Normal
Resources
Standard
Victory
Conquest
Starting age
Dark Age
Ending age
Imperial Age
RankedLock teamsTeams togetherTeam positionsShared explorationLock speedFull tech treeHidden civsTurbo modeCheats
Victory
Defeat
1085
+15
🇵🇪 Bohemians · Peru
1081
+15
🇻🇳 Bohemians · Vietnam
1054
+16
🇵🇪 Persians · Peru
1021
+17
vs
🇧🇷 Teutons · Brazil
1150
-19
🇧🇷 Persians · Brazil
1076
-17
🇧🇷 Cumans · Brazil
1006
-14
🇧🇷 Bohemians · Brazil
991
-13
vnajar_14
12:21 Feudal Age
16:52 Castle Age
15:06 Double-Bit Axe
21:14 Loom
22:05 Wheelbarrow
21:59 Horse Collar
25:46 Gold Mining
25:48 Stone Mining
30:12 Gold Shaft Mining
29:54 Bow Saw
29:46 Heavy Plow
33:17 Imperial Age
31:02 Hand Cart
30:33 Town Watch
30:56 Scale Barding Armor
31:01 Forging
32:13 Chain Barding Armor
32:40 Stone Shaft Mining
32:41 Town Patrol
33:32 Bloodlines
33:22 Husbandry
35:19 Iron Casting
35:19 Plate Barding Armor
37:04 Conscription
37:52 Blast Furnace
37:02 Elite War Elephant
38:20 Fletching
38:58 Ballistics
39:38 Chemistry
38:37 Murder Holes
44:25 Devotion
Popolizio Reload
0:37 Loom
12:02 Feudal Age
15:29 Horse Collar
21:43 Castle Age
19:48 Double-Bit Axe
25:41 Chemistry
25:13 Bow Saw
26:05 Wheelbarrow
25:53 Fortified Wall
28:34 Ballistics
29:28 Ballistics
29:56 Fervor
30:06 Sanctity
29:52 Fletching
33:18 Imperial Age
31:03 Town Watch
31:26 Heavy Plow
32:18 Hand Cart
33:15 Town Patrol
34:55 Conscription
34:41 Wagenburg Tactics
36:13 Houfnice
38:00 Siege Engineers
43:45 Two-Man Saw
44:13 Squires
43:58 Arson
43:35 Pikeman
45:50 Caravan
46:56 Forging
46:46 Scale Mail Armor
46:47 Padded Archer Armor
50:29 Iron Casting
50:10 Chain Mail Armor
50:10 Leather Archer Armor
有死之荣无生之辱
0:30 Loom
12:22 Feudal Age
17:04 Horse Collar
19:40 Castle Age
17:40 Horse Collar
17:53 Double-Bit Axe
22:49 Heavy Plow
24:00 Bow Saw
27:34 Fishing Lines
31:33 Imperial Age
29:13 Gold Mining
29:13 Stone Mining
29:25 Caravan
29:27 Gillnets
29:57 Forging
29:48 Scale Mail Armor
30:50 Wheelbarrow
30:02 Treadmill Crane
29:45 Eagle Warrior
31:04 Gambesons
32:42 Gold Shaft Mining
32:44 Stone Shaft Mining
33:30 Chemistry
32:33 Squires
33:44 Coinage
33:18 Scale Mail Armor
34:23 Banking
34:00 Arson
35:34 Crop Rotation
35:42 Iron Casting
35:24 Chain Mail Armor
34:31 Elite Eagle Warrior
35:36 Conscription
35:55 Hand Cart
38:01 Blast Furnace
37:33 Plate Mail Armor
37:55 Garland Wars
38:27 Elite Jaguar Warrior
41:13 Ballistics
Súp gà noob 1000kg
3:28 Loom
18:12 Feudal Age
18:47 Fishing Lines
24:30 Fletching
27:11 Double-Bit Axe
36:24 Castle Age
37:51 Wheelbarrow
36:39 Crossbowman
37:17 Bodkin Arrow
37:23 Padded Archer Armor
38:08 Gillnets
38:49 Bow Saw
39:09 Town Watch
41:23 Fervor
42:26 Leather Archer Armor
42:41 Hand Cart
43:54 Ballistics
44:34 Chemistry
46:09 Imperial Age
43:25 Town Watch
46:59 Forging
47:19 Capped Ram
47:24 Houfnice
48:15 Squires
49:25 Bracer
50:01 Iron Casting
Iceman
1:16 Loom
21:06 Feudal Age
23:30 Fletching
24:34 Double-Bit Axe
30:16 Castle Age
29:44 Horse Collar
30:20 Gold Mining
30:22 Stone Mining
36:07 Wheelbarrow
36:06 Bodkin Arrow
36:12 Padded Archer Armor
39:09 Imperial Age
39:04 Leather Archer Armor
42:19 Stone Shaft Mining
42:20 Gold Shaft Mining
42:34 Husbandry
42:45 Bloodlines
44:44 Cavalier
44:45 Light Cavalry
46:41 Scale Barding Armor
46:46 Forging
48:56 Iron Casting
Pickle
0:28 Loom
11:22 Feudal Age
16:12 Forging
22:46 Castle Age
21:00 Double-Bit Axe
20:58 Horse Collar
22:31 Scale Mail Armor
24:26 Bow Saw
24:23 Heavy Plow
33:22 Imperial Age
32:12 Wheelbarrow
32:56 Chemistry
33:05 Iron Casting
34:33 Chain Mail Armor
34:22 Squires
33:44 Pikeman
35:50 Two-Man Saw
35:23 Hand Cart
36:19 Plate Mail Armor
37:50 Blast Furnace
36:56 Padded Archer Armor
37:16 Fortified Wall
37:12 Halberdier
40:45 Padded Archer Armor
40:20 Houfnice
42:28 Leather Archer Armor
42:49 Fletching
Barbukiel | O Gentil
2:09 Loom
14:11 Feudal Age
20:58 Bloodlines
20:38 Horse Collar
21:05 Double-Bit Axe
22:58 Forging
22:54 Scale Barding Armor
27:54 Castle Age
33:38 Capped Ram
40:45 Iron Casting
40:31 Chain Barding Armor
43:38 Imperial Age
41:08 Fletching
41:18 Padded Archer Armor
43:19 Squires
42:39 Pikeman
43:06 Arson
43:45 Halberdier
45:03 Scale Mail Armor
46:04 Blast Furnace
Haven((GM))
8:43 Loom
11:45 Feudal Age
16:32 Castle Age
15:19 Fletching
23:00 Horse Collar
24:02 Town Watch
25:58 Bodkin Arrow
27:03 Wheelbarrow
30:51 Imperial Age
30:16 Scale Barding Armor
30:23 Forging
32:14 Crenellations
32:39 Chain Barding Armor
32:55 Iron Casting
34:33 Plate Barding Armor
34:24 Hand Cart
34:23 Double-Bit Axe
36:10 Blast Furnace
37:29 Chemistry
36:50 Ballistics
37:06 Bloodlines
36:17 Cavalier
37:08 Heavy Plow
39:17 Caravan
40:02 Scale Mail Armor
43:10 Chain Mail Armor
43:12 Pikeman
43:53 Squires
44:59 Squires
44:19 Pikeman
45:08 Halberdier
45:49 Halberdier
Connection lost

Rejoining the realm…

Still unreachable

The connection could not be restored.

Session expired

The server has moved on; the page needs a fresh start.